 Dungeon Sprint DCSS version 0.17-a0-1642-gd4b747b (webtiles) character file.

26827 Kidiri the Peltast (level 13, -9/124 HPs)
             Began as a Minotaur Fighter on Aug 8, 2015.
             Was a High Priest of Okawaru.
             Mangled by an orc knight
             ... wielding a +0 war axe
              (80 damage)
             ... in the Dungeon (Sprint VII: "The Pits").
             The game lasted 00:30:02 (4599 turns).

Kidiri the Peltast (Minotaur Fighter)               Turns: 4599, Time: 00:30:02

Health: -9/124     AC: 29    Str: 32    XL:     13   Next: 1%
Magic:  15/20      EV: 17    Int:  5    God:    Okawaru [*****.]
Gold:   21         SH: 18    Dex: 10    Spells: 0 memorised, 12 levels left

rFire  + + .     SeeInvis +     z - +2 morningstar of Okawaru's Reproof {freeze, Stlth+}
rCold  + . .     Clarity  .     b - +4 chain mail
rNeg   . . .     SustAt   .     c - +0 shield
rPois  +         Gourm    .     (helmet restricted)
rElec  +         Spirit   .     (no cloak)
rCorr  .         Warding  .     k - +0 pair of gloves {Str+3}
rMut   .         NoTele   +     d - +1 pair of boots of Ymigrej {rElec rF+ Dex+3 SInv}
MR     .....                    a - amulet of Okawaru's Displeasure {Faith rPois}
Stlth  ..........               t - +3 ring of protection
                                B - ring of protection from cold

@: lethally poisoned (-9 -> -12), heroism, finesse, not resistant to hostile
enchantments, extremely unstealthy
A: retaliatory headbutt, horns 2, icy blue scales 1, clumsy 1, fire resistance
1, spit poison 1, strong 1
a: Spit Poison, Heroism, Finesse, Renounce Religion


You were in the Dungeon.
You worshipped Okawaru.
Okawaru was extremely pleased with you.
You were not hungry.

You visited 1 branch You collected 21 gold pieces.

Inventory:

Hand weapons
 z - the +2 morningstar of Okawaru's Reproof (weapon) {freeze, Stlth+}
   (Okawaru gifted it to you in the Dungeon)

   It has been specially enchanted to freeze those struck by it, causing extra
   injury to most foes and up to half again as much damage against particularly
   susceptible opponents.
   It can also slow down cold-blooded creatures.
   It makes you more stealthy.
 A - a +4 flail of crushing
Missiles
 u - 2 throwing nets (quivered)
Armour
 b - a +4 chain mail (worn)
 c - a +0 shield (worn)
 d - the +1 pair of boots of Ymigrej (worn) {rElec rF+ Dex+3 SInv}
   (Okawaru gifted it to you in the Dungeon)

   It affects your dexterity (+3).
   It protects you from fire.
   It insulates you from electricity.
   It lets you see invisible.
 k - a +0 pair of gloves of strength (worn)
Jewellery
 a - the amulet of Okawaru's Displeasure (around neck) {Faith rPois}
   (You found it in the Dungeon)

   [amulet of faith]

   It allows you to gain divine favour quickly.
   It protects you from poison.
 t - a +3 ring of protection (right hand)
 B - a ring of protection from cold (left hand)
Scrolls
 o - 7 scrolls of remove curse
 p - 5 scrolls of amnesia
 q - a scroll of summoning
 x - a scroll of recharging
 y - 3 scrolls of fear
 C - a scroll of enchant armour
Potions
 f - 4 potions of curing
 g - 9 potions of heal wounds
 h - a potion of haste
 i - 4 potions of magic
 j - 3 potions of berserk rage
 n - 2 potions of invisibility
 r - a potion of lignification {unknown}
 v - 2 potions of agility
 w - a potion of might
Comestibles
 e - 6 bread rations
 l - 40 fruits
 m - 7 meat rations
 F - 12 royal jellies


   Skills:
 + Level 14.1(19.1) Fighting
 * Level 18.6(23.6) Maces & Flails
 * Level 18.7(23.7) Armour
 + Level 12.8(17.8) Dodging
 * Level 18.8(23.8) Shields
 - Level 11.3 Invocations


You had 12 spell levels left.
You didn't know any spells.

Dungeon Overview and Level Annotations

Branches:
Dungeon (1/1)

Altars:
Ashenzari
Cheibriados
Dithmenos
Elyvilon
Fedhas
Gozag
Kikubaaqudgha
Makhleb
Nemelex Xobeh
Okawaru
Qazlal
Ru
Sif Muna
Trog
Vehumet
Xom
Yredelemnul
Zin
The Shining One
Beogh
Jiyva
Lugonu

Annotations:
D Aizul


Innate Abilities, Weirdness & Mutations

You reflexively headbutt those who attack you in melee.
You have a pair of horns on your head.
You are partially covered in icy blue scales (AC +1).
You are clumsy. (Dex -2)
Your flesh is heat resistant.
You can spit weak poison.
Your muscles are strong. (Str +2)


Message History

The deep elf priest calls down the wrath of its god upon you.
Something smites you! You block the orc knight's attack.
You block the orc knight's attack.
Unknown command.
Unknown command.
You feel sick.
Aizul coils himself and waves his upper body at you.
The bolt of poison hits you! You resist.
Unknown command.
You barely miss Aizul. Your headbutt misses Aizul.
Aizul is moderately wounded.
You closely miss Aizul.
Aizul is moderately wounded.
You feel sick. Aizul casts a spell at you.
You fall asleep.
The orc knight hits you with a war axe!!!!
You wake up.
Ouch! That really hurt!
You die...

.# .+ .+ +#
+###############################+
................(.((.)...........
..................(((..........[.
.##############''##############..
.# #..o@..# #.. .# #.ooS..# #..
.# #.o.o..# #.. .# ###oo### #..
.#


.Noo #.. [# ..eo. #.. .# ##....# #.. .# #....# #.. .# ##..## #.. You could see
Aizul, 2 orc warlords, a naga warrior, 8 orc knights and a deep elf priest.

Vanquished Creatures
  A deep elf master archer (D)
  Nessos (D)
  A deep elf demonologist (D)
  A red draconian (D)
  2 eidola (D)
  2 naga warriors (D)
  A hydra (D)
  An anaconda (D)
  A merfolk avatar (D)
  Urug (D)
  A sea snake (D)
  An ice devil (D)
  A salamander mystic (D)
  A shadow wraith (D)
  A swamp dragon (D)
  An orc knight (D)
  A manticore (D)
  An elephant (D)
  2 rust devils (D)
  3 orange demons (D)
  A spiny frog (D)
  An efreet (D)
  A demonic crawler (D)
  A red devil (D)
  A yaktaur (D)
  A guardian mummy (D)
  A jumping spider (D)
  A giant leech (D)
  A two-headed ogre (D)
  2 blue devils (D)
  3 trolls (D)
  A snapping turtle (D)
  3 boulder beetles (D)
  8 blink frogs (D)
  5 redbacks (D)
  2 large abominations (D)
  A tarantella (D)
  2 wyverns (D)
  2 basilisks (D)
  A neqoxec (D)
  A chaos spawn (D)
  16 wolves (D)
  4 wargs (D)
  A sky beast (D)
  2 nagas (D)
  A porcupine (D)
  An orc warrior (D)
  A necrophage (D)
  A swamp drake (D)
  A phantom (D)
  2 ice beasts (D)
  An eye of draining (D)
  An ogre (D)
  2 small abominations (D)
  A brain worm (D)
  A gnoll sergeant (D)
  A giant frog (D)
  A hound (D)
  2 wights (D)
  A jelly (D)
  An iguana (D)
  A gnoll shaman (D)
  3 worker ants (D)
  Jessica (D)
  8 sheep (D)
  9 gnolls (D)
  3 oozes (D)
  An adder skeleton (D)
  2 adder simulacra (D)
  A bat simulacrum (D)
  3 bat skeletons (D)
  A goblin (D)
  A hobgoblin (D)
  3 jackals (D)
  A ball python skeleton (D)
  A giant cockroach (D)
  A giant cockroach simulacrum (D)
  A giant gecko zombie (D)
148 creatures vanquished.

Vanquished Creatures (others)
  A deep elf high priest (D)
  An unseen horror (D)
  A jumping spider (D)
  2 wights (D)
5 creatures vanquished.

Grand Total: 153 creatures vanquished

Notes
Turn   | Place    | Note
--------------------------------------------------------------
     0 | D        | Kidiri the Minotaur Fighter began the quest for the Orb.
     0 | D        | Reached XP level 1. HP: 19/19 MP: 0/0
    16 | D        | Reached skill level 4 in Armour
    16 | D        | Reached skill level 1 in Dodging
    28 | D        | Found a sacrificial altar of Ru.
    28 | D        | Found a basalt altar of Yredelemnul.
    28 | D        | Found a shadowy altar of Dithmenos.
    28 | D        | Found a deep blue altar of Sif Muna.
    28 | D        | Found a burning altar of Makhleb.
    28 | D        | Found a shimmering altar of Xom.
    28 | D        | Found an ancient bone altar of Kikubaaqudgha.
    28 | D        | Found a sparkling altar of Nemelex Xobeh.
    29 | D        | Found a glowing golden altar of the Shining One.
    29 | D        | Found a bloodstained altar of Trog.
    29 | D        | Found a shattered altar of Ashenzari.
    29 | D        | Found a white marble altar of Elyvilon.
    29 | D        | Found a snail-covered altar of Cheibriados.
    29 | D        | Found a blossoming altar of Fedhas.
    29 | D        | Found a radiant altar of Vehumet.
    29 | D        | Found a glowing silver altar of Zin.
    29 | D        | Found a corrupted altar of Lugonu.
    29 | D        | Found a viscous altar of Jiyva.
    29 | D        | Found a roughly hewn altar of Beogh.
    29 | D        | Found an iron altar of Okawaru.
    35 | D        | Found a stormy altar of Qazlal.
    36 | D        | Found an opulent altar of Gozag.
    38 | D        | Became a worshipper of Warmaster Okawaru
    86 | D        | Noticed a brain worm
    92 | D        | Lost intelligence.
    95 | D        | Killed a brain worm
    95 | D        | Reached skill level 5 in Maces & Flails
    95 | D        | Reached skill level 5 in Armour
    95 | D        | Reached skill level 5 in Shields
    95 | D        | Reached XP level 2. HP: 17/28 MP: 0/2
    95 | D        | Reached XP level 3. HP: 20/34 MP: 0/3
    95 | D        | Reached XP level 4. HP: 24/41 MP: 0/4
   217 | D        | Noticed a worker ant
   234 | D        | Killed a worker ant
   234 | D        | Reached skill level 5 in Fighting
   234 | D        | Reached skill level 6 in Armour
   330 | D        | Noticed a necrophage
   339 | D        | Killed a necrophage
   339 | D        | Acquired Okawaru's first power
   339 | D        | Reached skill level 7 in Armour
   339 | D        | Reached XP level 5. HP: 45/50 MP: 4/6
   422 | D        | Noticed an ice beast
   423 | D        | Noticed a giant frog
   423 | D        | Noticed a worker ant
   424 | D        | Noticed a gnoll shaman
   432 | D        | Noticed a sky beast
   448 | D        | Noticed a gnoll sergeant
   450 | D        | Killed a gnoll shaman
   453 | D        | Reached XP level 6. HP: 53/57 MP: 7/7
   455 | D        | Reached skill level 8 in Shields
   464 | D        | Killed an ice beast
   464 | D        | Reached skill level 5 in Dodging
   472 | D        | Killed a sky beast
   472 | D        | Reached skill level 9 in Armour
   476 | D        | Killed a giant frog
   476 | D        | Reached XP level 7. HP: 36/66 MP: 9/9
   480 | D        | Killed a worker ant
   492 | D        | Killed a gnoll sergeant
   492 | D        | Reached skill level 5 in Invocations
   542 | D        | Gained mutation: Your muscles are strong. (Str +2) [mutagenic meat]
   543 | D        | Gained mutation: You are partially covered in icy blue scales (AC +1). [mutagenic meat]
   544 | D        | Gained mutation: You can spit weak poison. [mutagenic meat]
   545 | D        | Gained mutation: Your flesh is heat resistant. [mutagenic meat]
   726 | D        | Noticed a jelly
   729 | D        | Killed a jelly
   732 | D        | Noticed an iguana
   732 | D        | Noticed a warg
   738 | D        | Killed a warg
   738 | D        | Reached skill level 10 in Armour
   738 | D        | Reached skill level 10 in Shields
   741 | D        | Killed an iguana
   751 | D        | Noticed a porcupine
   751 | D        | Noticed a wolf
   751 | D        | Noticed a wolf
   751 | D        | Noticed a wolf
   751 | D        | Noticed a wolf
   751 | D        | Noticed an efreet
   752 | D        | Noticed a wolf
   756 | D        | Killed a wolf
   756 | D        | Reached skill level 10 in Maces & Flails
   769 | D        | Killed an efreet
   769 | D        | Reached XP level 8. HP: 41/74 MP: 11/11
   772 | D        | Killed a wolf
   772 | D        | Reached skill level 11 in Shields
   779 | D        | Killed a wolf
   782 | D        | Killed a wolf
   784 | D        | Killed a porcupine
   791 | D        | Killed a wolf
  1009 | D        | Noticed a giant leech
  1009 | D        | Noticed a wolf
  1009 | D        | Noticed a wolf
  1009 | D        | Noticed a wolf
  1009 | D        | Noticed a wolf
  1011 | D        | Noticed a wolf
  1013 | D        | Killed a wolf
  1014 | D        | Killed a wolf
  1014 | D        | Reached XP level 9. HP: 79/83 MP: 9/13
  1018 | D        | Killed a wolf
  1018 | D        | Reached skill level 12 in Shields
  1021 | D        | Killed a wolf
  1025 | D        | Killed a wolf
  1040 | D        | Killed a giant leech
  1228 | D        | Noticed an elephant
  1230 | D        | Noticed an orange demon
  1230 | D        | Noticed a hound
  1234 | D        | Noticed a two-headed ogre
  1240 | D        | Noticed a tarantella
  1241 | D        | Killed an elephant
  1247 | D        | Killed a hound
  1254 | D        | Killed a two-headed ogre
  1257 | D        | Killed a tarantella
  1257 | D        | Reached skill level 13 in Shields
  1267 | D        | Killed an orange demon
  1267 | D        | Acquired Okawaru's second power
  1267 | D        | Reached skill level 10 in Fighting
  1473 | D        | Noticed an orc knight
  1473 | D        | Noticed an orc warrior
  1473 | D        | Noticed a redback
  1473 | D        | Noticed an ice beast
  1474 | D        | Noticed an ogre
  1474 | D        | Noticed a warg
  1483 | D        | Killed an orc knight
  1483 | D        | Reached XP level 10. HP: 93/93 MP: 12/14
  1487 | D        | Killed a redback
  1494 | D        | Killed an ogre
  1503 | D        | Killed a warg
  1506 | D        | Killed an orc warrior
  1508 | D        | Killed an ice beast
  1667 | D        | Noticed a red devil
  1667 | D        | Noticed a blue devil
  1667 | D        | Noticed a worker ant
  1671 | D        | Noticed a blink frog
  1672 | D        | Noticed a blink frog
  1673 | D        | Killed a blue devil
  1674 | D        | Noticed a blink frog
  1676 | D        | Noticed a blink frog
  1676 | D        | Killed a worker ant
  1678 | D        | Noticed a warg
  1681 | D        | Noticed a blink frog
  1684 | D        | Killed a blink frog
  1684 | D        | Reached skill level 14 in Shields
  1685 | D        | Noticed an eye of draining
  1691 | D        | Killed a warg
  1696 | D        | Killed a blink frog
  1703 | D        | Killed a blink frog
  1708 | D        | Killed an eye of draining
  1717 | D        | Killed a blink frog
  1732 | D        | Killed a blink frog
  1733 | D        | Killed a red devil
  1733 | D        | Received a gift from Okawaru
  1736 | D        | Got a pair of encrusted boots {god gift}
  1749 | D        | Identified the +1 pair of boots of Ymigrej {rElec rF+ Dex+3 SInv} (Okawaru gifted it to you in the Dungeon)
  1793 | D        | Noticed a blue devil
  1793 | D        | Noticed a guardian mummy
  1812 | D        | Killed a blue devil
  1818 | D        | Killed a guardian mummy
  1951 | D        | Noticed a large abomination
  1951 | D        | Noticed a troll
  1951 | D        | Noticed a swamp drake
  1952 | D        | Noticed an orange demon
  1957 | D        | Noticed a chaos spawn
  1959 | D        | Killed a troll
  1964 | D        | Killed a swamp drake
  1980 | D        | Killed a large abomination
  1986 | D        | Killed an orange demon
  1995 | D        | Killed a chaos spawn
  1995 | D        | Reached skill level 10 in Dodging
  1995 | D        | Reached skill level 15 in Shields
  2068 | D        | Noticed a wyvern
  2068 | D        | Noticed Jessica
  2068 | D        | Noticed a spiny frog
  2068 | D        | Noticed a phantom
  2068 | D        | Noticed a deep elf demonologist
  2068 | D        | Noticed a boulder beetle
  2068 | D        | Noticed a wight
  2068 | D        | Noticed a wight
  2068 | D        | Noticed a jumping spider
  2069 | D        | Noticed a rust devil
  2069 | D        | Noticed a demonic crawler
  2069 | D        | Noticed a wight
  2069 | D        | Noticed a wight
  2072 | D        | Killed a jumping spider
  2072 | D        | Reached XP level 11. HP: 102/102 MP: 8/16
  2075 | D        | Noticed a basilisk
  2075 | D        | Killed a wight
  2077 | D        | Killed a wight
  2078 | D        | Noticed Urug
  2079 | D        | Noticed an Ice Fiend
  2080 | D        | Killed a wight
  2085 | D        | Noticed a hell beast
  2105 | D        | Killed a spiny frog
  2157 | D        | Noticed a soul eater
  2158 | D        | Killed a deep elf demonologist
  2158 | D        | Reached skill level 15 in Armour
  2173 | D        | Killed a demonic crawler
  2181 | D        | Killed a wight
  2463 | D        | Killed a boulder beetle
  2478 | D        | Killed Jessica
  2507 | D        | Killed a basilisk
  2507 | D        | Reached skill level 15 in Maces & Flails
  2517 | D        | Killed a wyvern
  2561 | D        | Killed Urug
  2593 | D        | Killed a phantom
  2602 | D        | Noticed a snapping turtle
  2628 | D        | Killed a snapping turtle
  2828 | D        | Noticed a six-headed hydra
  2828 | D        | Noticed a small abomination
  2835 | D        | Killed a six-headed hydra
  2837 | D        | Killed a small abomination
  2847 | D        | Noticed a troll
  2847 | D        | Noticed a redback
  2849 | D        | Killed a redback
  2856 | D        | Killed a troll
  2873 | D        | Noticed an orange demon
  2875 | D        | Noticed a basilisk
  2886 | D        | Killed an orange demon
  2889 | D        | Killed a basilisk
  2889 | D        | Reached skill level 16 in Shields
  3044 | D        | Noticed Nessos
  3046 | D        | Noticed a shadow wraith
  3051 | D        | Killed a shadow wraith
  3080 | D        | Noticed a wolf
  3080 | D        | Killed Nessos
  3080 | D        | Reached skill level 10 in Invocations
  3082 | D        | Noticed a wolf
  3082 | D        | Noticed a wolf
  3083 | D        | Noticed a wolf
  3085 | D        | Killed a wolf
  3086 | D        | Noticed a wolf
  3088 | D        | Noticed a wolf
  3093 | D        | Killed a wolf
  3096 | D        | Killed a wolf
  3098 | D        | Killed a wolf
  3099 | D        | Killed a wolf
  3105 | D        | Killed a wolf
  3341 | D        | Noticed an eidolon
  3341 | D        | Noticed a swamp dragon
  3359 | D        | Killed an eidolon
  3378 | D        | Killed a swamp dragon
  3829 | D        | Noticed a neqoxec
  3829 | D        | Noticed a red draconian
  3829 | D        | Noticed a boulder beetle
  3829 | D        | Noticed a naga warrior
  3829 | D        | Noticed a salamander mystic
  3829 | D        | Noticed a naga
  3830 | D        | Noticed a rust devil
  3831 | D        | Noticed a wyvern
  3831 | D        | Noticed a naga
  3831 | D        | Noticed a yaktaur
  3836 | D        | Killed a salamander mystic
  3836 | D        | Received a gift from Okawaru
  3838 | D        | Noticed an ice devil
  3838 | D        | Noticed a sea snake
  3849 | D        | Noticed a troll
  3850 | D        | Killed a boulder beetle
  3855 | D        | Noticed a manticore
  3858 | D        | Killed a wyvern
  3866 | D        | Killed a sea snake
  3866 | D        | Reached XP level 12. HP: 99/113 MP: 12/18
  3872 | D        | Killed a troll
  3872 | D        | Reached skill level 17 in Shields
  3879 | D        | Killed a manticore
  3883 | D        | Noticed a naga warrior
  3893 | D        | Killed a naga warrior
  3902 | D        | Noticed a rust devil
  3911 | D        | Killed a naga warrior
  3919 | D        | Gained mutation: You are clumsy. (Dex -2) [a neqoxec]
  3932 | D        | Killed a red draconian
  3937 | D        | Killed a rust devil
  3943 | D        | Killed a neqoxec
  3951 | D        | Killed a rust devil
  3955 | D        | Killed a yaktaur
  3975 | D        | Noticed a jumping spider
  3979 | D        | Killed an ice devil
  3979 | D        | Received a gift from Okawaru
  3986 | D        | Killed a jumping spider
  3991 | D        | Killed a naga
  3993 | D        | Noticed a blink frog
  3995 | D        | Killed a naga
  3997 | D        | Noticed a blink frog
  3998 | D        | Noticed a blink frog
  4003 | D        | Noticed a deep elf high priest
  4005 | D        | Killed a blink frog
  4008 | D        | Noticed an unseen horror
  4010 | D        | Killed a blink frog
  4014 | D        | Noticed a boulder beetle
  4019 | D        | Killed a blink frog
  4024 | D        | Killed a deep elf high priest
  4038 | D        | Killed an unseen horror
  4049 | D        | Noticed a warg
  4089 | D        | Killed a warg
  4095 | D        | Reached skill level 18 in Armour
  4116 | D        | Killed a boulder beetle
  4169 | D        | Got the amulet of Okawaru's Displeasure {Faith rPois}
  4327 | D        | Noticed an anaconda
  4327 | D        | Noticed a redback
  4327 | D        | Noticed a redback
  4327 | D        | Noticed a redback
  4327 | D        | Noticed a deep elf master archer
  4327 | D        | Noticed a merfolk avatar
  4327 | D        | Noticed an eidolon
  4335 | D        | Killed an anaconda
  4338 | D        | Killed a redback
  4343 | D        | Killed a deep elf master archer
  4343 | D        | Received a gift from Okawaru
  4345 | D        | Got a jewelled morningstar {god gift}
  4346 | D        | Identified the +2 morningstar of Okawaru's Reproof {freeze, Stlth+} (Okawaru gifted it to you in the Dungeon)
  4347 | D        | Killed a redback
  4351 | D        | Killed a redback
  4355 | D        | Killed an eidolon
  4360 | D        | Killed a merfolk avatar
  4360 | D        | Reached XP level 13. HP: 66/124 MP: 15/20
  4581 | D        | Noticed a small abomination
  4583 | D        | Noticed an orc knight
  4583 | D        | Noticed an orc knight
  4583 | D        | Noticed an orc knight
  4583 | D        | Noticed an orc knight
  4584 | D        | Noticed an orc warlord
  4584 | D        | Noticed an orc warlord
  4584 | D        | Noticed an orc knight
  4586 | D        | Noticed an orc knight
  4586 | D        | Noticed an orc knight
  4587 | D        | Killed a small abomination
  4588 | D        | Noticed Aizul
  4588 | D        | Noticed a deep elf priest
  4588 | D        | Noticed an orc knight
  4590 | D        | Noticed an orc knight
  4591 | D        | Noticed a naga warrior
  4599 | D        | Mangled by an orc knight

Vault maps used:
D:        pitsprint

Action                   |  1- 3 |  4- 6 |  7- 9 | 10-12 | 13-15 || total
-------------------------+-------+-------+-------+-------+-------++-------
Melee: Mace              |     6 |    73 |   160 |   507 |       ||   746
       Flail             |     3 |       |       |   104 |       ||   107
       Morningstar       |       |       |       |    13 |    12 ||    25
Throw: Throwing net      |       |       |       |     1 |       ||     1
Invok: Heroism           |       |       |     4 |    12 |     1 ||    17
       Finesse           |       |       |       |     8 |     1 ||     9
 Abil: Spit Poison       |       |       |       |    10 |       ||    10
  Use: Potion            |       |       |     2 |    19 |       ||    21
       Scroll            |       |       |       |     2 |       ||     2
 Stab: Confused          |       |       |       |     1 |       ||     1
  Eat: Chunk             |       |       |     6 |     4 |       ||    10
       Bread ration      |       |       |       |     2 |       ||     2
       Beef jerky        |       |       |       |     1 |       ||     1
